 Dungeon Crawl Stone Soup version 0.28-a0-655-g4eb62b627b (webtiles) character file.

Game seed: 9204660144778928069

9645 freelancePsychic the Thaumaturge (level 11, -4/85 HPs)
             Began as a Djinni Necromancer on Oct 13, 2021.
             Was a Priest of Makhleb.
             Slain by a six-headed hydra (6 damage)
             ... on level 11 of the Dungeon.
             The game lasted 00:21:33 (14747 turns).

freelancePsychic the Thaumaturge (DjNe)            Turns: 14747, Time: 00:21:34

Health: -4/85      AC:  6    Str:  7    XL:     11   Next: 78%
Gold:   489        EV: 12    Int: 21    God:    Makhleb [***...] SH:  0 Dex: 16

rFire   + + .      SeeInvis .   x - staff of cold
rCold   . . .      Faith    .   (no shield)
rNeg    . . .      Spirit   .   a - +0 robe
rPois   ∞          Reflect  .   (no helmet)
rElec   .          Harm     .   o - +2 cloak
rCorr   .          Rampage  .   q - +0 pair of gloves of Pusiucuw {Will+ Dex+3 Stlth+}
Will    ++...                   (boots unavailable)
Stlth   +++.......              (no amulet)
HPRegen 0.24/turn               (no ring)
MPRegen 0.00/turn               (no ring)

@: flying
A: sickness immunity, fire resistance 2, cold vulnerability 1, float, innate
caster, hp casting, extra vitality 1
a: Renounce Religion, Minor Destruction, Lesser Servant of Makhleb


You were on level 11 of the Dungeon.
You worshipped Makhleb.
Makhleb was most pleased with you.
You visited 2 branches of the dungeon, and saw 12 of its levels.

You collected 489 gold pieces.

Inventory:

Missiles
 d - 188 stones
Armour
 a - a +0 robe (worn)
 o - a +2 cloak (worn)
 q - the +0 pair of gloves of Pusiucuw (worn) {Will+ Dex+3 Stlth+}
   (You acquired it on level 8 of the Dungeon)

   Dex:       It affects your dexterity (+3).
   Will:      It increases your willpower.
   Stlth:     It makes you more stealthy.
Magical Staves
 l - a staff of conjuration
 x - a staff of cold (weapon)
Wands
 j - a wand of digging (13)
 k - a wand of flame (57)
 s - a wand of paralysis (6)
 y - a wand of iceblast (16)
Scrolls
 c - a scroll of summoning
 e - 3 scrolls of blinking
 g - 7 scrolls of teleportation {@r4}
 i - 3 scrolls of fog
 t - 3 scrolls of fear
 u - 2 scrolls of brand weapon
 v - a scroll of torment
 B - a scroll of amnesia {unknown}
 C - a scroll of enchant weapon
 D - a scroll of holy word {unknown}
Potions
 b - 3 potions of magic {unknown}
 f - 3 potions of haste {@q3}
 h - a potion of curing {@q1}
 m - 2 potions of invisibility {unknown}
 n - a potion of attraction {unknown}
 p - 3 potions of heal wounds {unknown}
 r - 2 potions of berserk rage {unknown}
 w - 2 potions of flight {unknown}
 z - a potion of might {unknown}
 A - a potion of brilliance {unknown}


   Skills:
 + Level 9.6 Fighting
 - Level 2.3 Dodging
 - Level 1.5 Stealth
 + Level 11.1 Spellcasting
 + Level 5.8 Invocations


You had 5 spell levels left.
You knew the following spells:

 Your Spells              Type           Power      Damage    Failure   Level
a - Sticky Flame          Conj/Fire      55%        2d7       1%          4
b - Poisonous Vapours     Pois/Air       100%       N/A       1%          2
c - Vampiric Draining     Necr           27%        2d9       1%          3
d - Animate Dead          Necr           27%        N/A       1%          4
e - Agony                 Necr           55%        N/A       1%          5
f - Tukima's Dance        Hex            55%        N/A       1%          3
g - Animate Skeleton      Necr           100%       N/A       1%          1
h - Spider Form           Tmut/Pois      27%        N/A       1%          3
i - Pain                  Necr           100%       1d9       1%          1
j - Sandblast             Erth           100%       2d20      1%          1
Your spell library was empty.

Dungeon Overview and Level Annotations

Branches:
Dungeon (11/15)            Temple (1/1) D:4             Orc (0/2) D:10
   Lair: D:8-11

Altars:
Ashenzari
Cheibriados
Dithmenos
Elyvilon
Fedhas
Gozag
Hepliaklqana
Kikubaaqudgha
Makhleb
Nemelex Xobeh
Okawaru
Qazlal
Ru
Sif Muna
Trog
Uskayaw
Vehumet
Wu Jian
Xom
Yredelemnul
Zin
The Shining One

Shops:
D:7 *

Annotations:
D:3 Natasha


Innate Abilities, Weirdness & Mutations

You are immune to sickness and miasma.
You are immune to poison.
Your flesh is very heat resistant. (rF++)
You are vulnerable to cold. (rC-)
You float through the air rather than walking.
You learn spells naturally, not from books.
Your magical power is your life essence.
You have superior vitality. (+4 HP)


Message History

Aim: a six-headed hydra (chance to affect: 86%)
The six-headed hydra convulses!
The six-headed hydra bites you! x2
The six-headed hydra misses you. The six-headed hydra bites you.
The six-headed hydra bites you but does no damage. x2
Casting: Agony (dangerous; 1% risk of failure)
Confirm with . or Enter, or press ? or * to list all spells.
Aiming: Sticky Flame (mildly dangerous; 1% risk of failure)
Press: ? - help, Shift-Dir - straight line, f/p - six-headed hydra
Aim: a six-headed hydra (heavily wounded, 100% to hit)
The sticky flame hits the six-headed hydra.
The six-headed hydra is heavily wounded.
The six-headed hydra is covered in liquid flames!
The six-headed hydra burns!
The six-headed hydra bites you! The six-headed hydra barely misses you.
The six-headed hydra bites you but does no damage.
The six-headed hydra closely misses you.
The six-headed hydra bites you!
The six-headed hydra bites you but does no damage.
The six-headed hydra burns!
The six-headed hydra burns!
The six-headed hydra burns!
The six-headed hydra burns!
Found an agate ring.
The six-headed hydra burns!
The six-headed hydra stops burning.
Casting: Sticky Flame (mildly dangerous; 1% risk of failure)
Confirm with . or Enter, or press ? or * to list all spells.
Aiming: Vampiric Draining (safe; 1% risk of failure)
Press: ? - help, Shift-Dir - straight line, f/p - six-headed hydra
Aim: a six-headed hydra (almost dead)
You draw life force from the six-headed hydra!
You feel life coursing into your body. The six-headed hydra bites you!
* * * LOW HITPOINT WARNING * * *
The six-headed hydra barely misses you. The six-headed hydra bites you.
* * * LOW HITPOINT WARNING * * *
The six-headed hydra bites you!
* * * LOW HITPOINT WARNING * * *
The six-headed hydra bites you.
* * * LOW HITPOINT WARNING * * *
The six-headed hydra bites you.
You die...

#=# #.#
#.# #.#
#.# #.#
#.#
#####@###
#....D..#
#.###.#.#
#.#.#
###.# #
#..<#
#.#.#
#.#.#
#.#.#


You could see a six-headed hydra.

Vanquished Creatures
  A hydra (D:8)
  A centaur warrior (D:9)
  2 two-headed ogres (D:9)
  An unseen horror (D:10)
  A kobold demonologist (D:9)
  A komodo dragon (D:10)
  2 dream sheep (D:8)
  A vampire (D:10)
  Sigmund (D:5)
  2 wyverns (D:8)
  Edmund (D:4)
  2 acid dragons
  3 ice beasts
  2 water moccasins
  3 orc warriors
  Duvessa (D:4)
  4 sky beasts
  2 black bears
  A necrophage (D:6)
  4 centaurs
  6 ogres
  4 kobold brigands
  A bullfrog (D:6)
  3 scorpions
  Dowan (D:4)
  A gnoll sergeant (D:8)
  3 water moccasin skeletons
  4 killer bees (D:7)
  6 wights (D:8)
  8 howler monkeys
  Crazy Yiuf (D:3)
  2 jellies (D:5)
  7 orc priests
  A gnoll shaman (D:5)
  2 hounds
  A centaur skeleton (D:6)
  2 iguanas
  Ijyb (D:4)
  14 orc wizards
  A scorpion zombie (D:4)
  2 killer bee zombies
  A hound zombie (D:5)
  A hound skeleton (D:4)
  Robin (D:3)
  7 gnolls
  7 adders
  A shadow imp (D:6)
  A white imp (D:5)
  3 ufetubi
  An adder skeleton (D:4)
  5 worms
  A dart slug (D:3)
  38 orcs
  7 ball pythons
  2 bats
  8 endoplasms
  6 giant cockroaches
  13 goblins
  10 hobgoblins
  4 quokkas
  6 frilled lizards
  A jackal skeleton (D:4)
  12 kobolds
  4 rats
247 creatures vanquished.

Vanquished Creatures (collateral kills)
  A centaur (D:6)
  2 wights (D:8)
  A gnoll (D:8)
  3 orcs
7 creatures vanquished.

Vanquished Creatures (others)
  3 dancing weapons
  A gnoll (D:8)
4 creatures vanquished.

Grand Total: 258 creatures vanquished

Notes
Turn   | Place    | Note
-------+----------+-------------------------------------------
     0 | D:1      | freelancePsychic the Djinni Necromancer began the quest for
                  | the Orb.
     0 | D:1      | Reached XP level 1. HP: 15/15 MP: 0/0
   583 | D:1      | Reached XP level 2. HP: 14/22 MP: 0/0
  1283 | D:1      | Reached skill level 1 in Fighting
  1750 | D:2      | Reached XP level 3. HP: 12/27 MP: 0/0
  1750 | D:2      | Learned a level 1 spell: Sandblast
  2174 | D:2      | Found a hide-covered altar of Uskayaw.
  2179 | D:2      | Noticed a black bear
  2672 | D:3      | Reached skill level 4 in Spellcasting
  2672 | D:3      | Reached XP level 4. HP: 28/32 MP: 0/0
  2844 | D:3      | You are sucked into a shaft and drop 3 floors!
  2992 | D:6      | Noticed a bullfrog
  2995 | D:6      | Killed a bullfrog
  2996 | D:6      | Reached XP level 5. HP: 37/39 MP: 0/0
  2996 | D:6      | Learned a level 2 spell: Poisonous Vapours
  3008 | D:5      | Entered Level 5 of the Dungeon
  3008 | D:5      | Noticed a water moccasin
  3008 | D:5      | Noticed a sky beast
  3011 | D:5      | Killed a water moccasin
  3012 | D:5      | Reached skill level 5 in Spellcasting
  3012 | D:5      | Reached XP level 6. HP: 36/46 MP: 0/0
  3015 | D:5      | Killed a sky beast
  3232 | D:5      | Reached XP level 7. HP: 42/50 MP: 0/0
  3232 | D:5      | Learned a level 3 spell: Spider Form
  3319 | D:5      | Noticed Edmund
  3673 | D:3      | Noticed Robin
  3682 | D:3      | Killed Robin
  3950 | D:3      | Reached skill level 6 in Spellcasting
  4115 | D:3      | Reached XP level 8. HP: 56/58 MP: 0/0
  4155 | D:3      | Found a runed translucent door.
  4156 | D:3      | Noticed Crazy Yiuf
  4377 | D:3      | Noticed Natasha
  4926 | D:3      | Killed Crazy Yiuf
  5065 | D:2      | Found a faded altar of an unknown god.
  5220 | D:2      | Found an ornate altar of the Wu Jian Council.
  5228 | D:2      | Reached skill level 5 in Fighting
  5621 | D:4      | Found a staircase to the Ecumenical Temple.
  5759 | D:4      | Noticed Ijyb
  5763 | D:4      | Killed Ijyb
  5907 | D:4      | Reached skill level 7 in Spellcasting
  5965 | Temple   | Entered the Ecumenical Temple
  6005 | Temple   | Became a worshipper of Makhleb the Destroyer
  6253 | D:4      | Noticed Dowan
  6254 | D:4      | Noticed Duvessa
  6269 | D:4      | Killed Duvessa
  6272 | D:4      | Killed Dowan
  6612 | D:4      | Reached XP level 9. HP: 25/66 MP: 0/0
  6612 | D:4      | Learned a level 3 spell: Tukima's Dance
  7231 | D:4      | Reached skill level 8 in Spellcasting
  7235 | D:4      | Killed Edmund
  7430 | D:5      | Noticed Sigmund
  7441 | D:5      | Killed Sigmund
  7717 | D:5      | Reached * piety under Makhleb
  8094 | D:5      | Reached XP level 10. HP: 73/75 MP: 0/0
  8144 | D:6      | Reached skill level 9 in Spellcasting
  8358 | D:6      | Reached skill level 1 in Invocations
  9228 | D:7      | Found a broken altar of Ashenzari.
  9229 | D:7      | Found an iron altar of Okawaru.
  9285 | D:7      | Identified the +2 pair of boots of Kuvur {-Tele Rampage
                  | rElec rN+}
  9321 | D:7      | Found Mym Wicy's Island Escapes.
  9342 | D:7      | Reached ** piety under Makhleb
  9487 | D:7      | Found a hazy altar of Hepliaklqana.
  9487 | D:7      | Found an opulent altar of Gozag.
  9574 | D:8      | Identified a scroll of acquirement
  9575 | D:8      | Acquired the +0 pair of gloves of Pusiucuw {Will+ Dex+3
                  | Stlth+}
 10957 | D:8      | Reached skill level 10 in Spellcasting
 10965 | D:8      | Reached XP level 11. HP: 82/82 MP: 0/0
 10965 | D:8      | Learned a level 4 spell: Sticky Flame
 10970 | D:8      | Noticed a three-headed hydra
 10978 | D:8      | Killed a three-headed hydra
 11502 | D:9      | Noticed a two-headed ogre
 11510 | D:9      | Killed a two-headed ogre
 11722 | D:9      | Noticed a centaur warrior
 12188 | D:9      | Reached *** piety under Makhleb
 12189 | D:9      | Reached skill level 5 in Invocations
 12310 | D:9      | Found a hide-covered altar of Uskayaw.
 12637 | D:9      | Noticed a two-headed ogre
 12791 | D:9      | Killed a two-headed ogre
 12831 | D:9      | Killed a centaur warrior
 13228 | D:10     | Entered Level 10 of the Dungeon
 13344 | D:10     | Reached skill level 11 in Spellcasting
 14321 | D:10     | Found a staircase to the Orcish Mines.
 14513 | D:11     | Noticed a skeletal warrior
 14735 | D:11     | Noticed a six-headed hydra
 14747 | D:11     | HP: 2/85 [six-headed hydra (6)]
 14747 | D:11     | Slain by a six-headed hydra

Illustrated notes

Levels and vault maps discovered:
D:1:      matt_arrival_refuge, layout_basic, nrook_mini_vaults,
          due_unseen_surprise
D:2:      layout_basic, shapermc_ecumenical_altar_mp_highgroup, basic_altar,
          kennysheep_flooded_box, hex_tiny
D:3:      layout_loops_ring, kennysheep_nondescript,
          wander_ebering_terrifying_dragon_lair, uniq_crazy_yiuf_cottage,
          uniq_robin, uniq_natasha
D:4:      layout_basic, minmay_temple_entry_large_hall, uniq_duvessa, uniq_ijyb
D:5:      minmay_angry_zag, layout_rooms, grunt_ministairs_7, uniq_sigmund,
          uniq_edmund
D:6:      layout_basic, hangedman_decor_opposing
D:7:      layout_rooms, mainiacjoe_overflow_alcove_3, nicolae_island_escapes
D:8:      layout_layer_cave, hangedman_ranch
D:9:      layout_basic, mainiacjoe_overflow_big_doors, corexii_hall_statues_l
D:10:     layout_loops_ring, orc_0_dummy
D:11:     layout_basic, lair_entry_dummy, serial_glass, glass_columns_b,
          glass_columns_a
Temple:   lightli_temple_of_artemis

Skill      XL: |  1  2  3  4  5  6  7  8  9 10 11 |
---------------+----------------------------------+-----
Fighting       | 1 2 3 4 5 7 8 9 |  9.6
Spellcasting   | 4 5 6 7 8 10 11 | 11.1
Invocations    | 3 5 |  5.8
Dodging        | |  2.3
Stealth        | |  1.5

Action                   |  1- 3 |  4- 6 |  7- 9 | 10-12 || total
-------------------------+-------+-------+-------+-------++-------
Melee: Unarmed           |       |       |     4 |       ||     4
       Staff             |       |       |     3 |     4 ||     7
 Cast: Pain              |    52 |     6 |       |       ||    58
       Sandblast         |    11 |    17 |    88 |    37 ||   153
       Poisonous Vapours |       |     3 |    15 |     3 ||    21
       Vampiric Draining |       |       |   123 |   143 ||   266
       Tukima's Dance    |       |       |     2 |    39 ||    41
       Sticky Flame      |       |       |       |    25 ||    25
       Agony             |       |       |       |     1 ||     1
Invok: Minor Destruction |       |       |       |     4 ||     4
  Use: Scroll            |       |     2 |     7 |     6 ||    15
       Potion            |       |       |     1 |     1 ||     2
Armor: Robe              |     6 |       |    36 |    71 ||   113
Dodge: Dodged            |    15 |     2 |    94 |   112 ||   223

Table legend: (Time is in decaauts)
 A = Elapsed time spent in this place.
 B = Non-inter-level travel time spent in this place.
 C = Inter-level travel time spent in this place.
 D = Time resting spent in this place.
 E = Time spent auto-exploring this place.
 F = Levels seen in this place.
 G = Mean time per level.
                   A        B        C        D        E       F      G
               +--------+--------+--------+--------+--------+-----+--------+
         Total |  14740 |  14145 |    595 |    923 |  11519 |  12 | 1228.3 |
       Dungeon |  14364 |  13779 |    585 |    671 |  11446 |  11 | 1305.8 |
        Temple |    375 |    366 |      9 |    252 |     73 |   1 |  375.0 |
               +--------+--------+--------+--------+--------+-----+--------+

Top non-repeatable levels by time:
     D:4: 1906 daAuts
     D:8: 1881 daAuts
     D:9: 1776 daAuts
     D:1: 1711 daAuts
     D:3: 1657 daAuts
    D:10: 1460 daAuts
     D:2: 1295 daAuts
     D:6: 1025 daAuts
     D:5: 1006 daAuts
     D:7: 585 daAuts
  Temple: 375 daAuts
    D:11: 59 daAuts
